Map: Hard Lead LE

Players

LiquidCure (Cure) - Winner!

  • Race: Terran Terran
  • Spawn Location: 11:00

LiquidClem (Clem)

  • Race: Terran Terran
  • League: Master
  • Spawn Location: 5:00

VOD

Have the link to the VOD?

Description

Time

  • Played on: Dec. 20, 2023, 8:10 a.m.
  • Length: 13:37
Show
View Real Time Build Order
Export as new Build Order

LiquidCure Terran - Winner!

Build Orders: Cyclone Opening 

Get SALT Encoding   

  12  0:00  SCV  
  13  0:12  SCV  
  14  0:17  Supply Depot  
  14  0:24  SCV  
  15  0:39  SCV  
  15  0:41  Barracks  
  16  0:42  Refinery  
  16  0:51  SCV  
  16  0:52  Refinery  
  17  1:03  SCV  
  18  1:15  SCV  
  19  1:27  Reaper  
  19  1:28  Orbital Command  
  19  1:30  Supply Depot  
  20  1:40  Factory  
  20  1:53  SCV  
  21  2:00  Reaper  
  22  2:06  SCV  
  23  2:15  Command Center  
  23  2:18  SCV  
  24  2:24  Hellion  
  26  2:30  SCV  
  26  2:31  Marine  
  27  2:42  SCV  
  26  2:49  Marine  
  26  2:55  Cyclone  
  26  2:57  SCV  
  28  3:05  Supply Depot  
  28  3:07  Marine  
  28  3:09  SCV  
  30  3:21  SCV  
  30  3:24  Starport  
  31  3:31  Cyclone  
  31  3:33  SCV  
  33  3:42  Barracks Reactor  
  33  3:45  SCV  
  34  3:56  Orbital Command  
  34  3:57  SCV  
  35  4:04  Medivac  
  35  4:09  Refinery  
  38  4:10  SCV  
  38  4:21  Cyclone x2  
  38  4:22  SCV x2  
  44  4:25  Barracks Tech Lab  
  44  4:26  Supply Depot  
  44  4:34  SCV x2  
  44  4:36  Liberator  
  49  4:46  SCV x2  
  50  4:54  Barracks Tech Lab  
  50  4:57  Cyclone x2  
  50  4:58  SCV x2  
  56  5:06  Supply Depot  
  56  5:10  SCV x2  
  58  5:17  Command Center  
  58  5:24  SCV x2  
  62  5:28  Raven  
  62  5:29  Interference Matrix  
  62  5:31  Cyclone x2  
  66  5:36  SCV x2  
  68  5:48  SCV x2  
  68  5:51  Marine  
  63  6:00  SCV x2  
  63  6:02  Stimpack  
  63  6:03  Cyclone x2  
  67  6:06  Supply Depot  
  67  6:07  Raven, Refinery  
  69  6:12  Marine  
  69  6:17  Supply Depot  
  70  6:27  SCV x2  
  70  6:29  Orbital Command, Barracks x2  
  70  6:30  Marine  
  73  6:34  Supply Depot  
  75  6:40  SCV x2, Cyclone x2  
  79  6:47  Marine  
  79  6:52  SCV x2  
  79  7:04  SCV x2, Engineering Bay  
  79  7:05  Engineering Bay  
  79  7:06  Marine  
  80  7:08  SCV  
  80  7:16  SCV x2, Starport Reactor  
  80  7:19  Barracks  
  80  7:22  Barracks  
  82  7:23  Siege Tank  
  82  7:26  Marine x2, Barracks Reactor  
  82  7:27  Marine  
  88  7:31  Supply Depot  
  88  7:32  Supply Depot, Terran Infantry Weapons Level 1, Terran Infantry Armor Level 1  
  88  7:34  SCV x3  
  91  7:44  Combat Shield, Marine x3  
  91  7:46  Missile Turret  
  91  7:49  Supply Depot, SCV x2  
  96  7:54  Medivac x2  
  103  7:58  Siege Tank  
  103  8:02  Marine x2  
  103  8:04  SCV x2  
  103  8:05  Marine x3  
  99  8:13  Barracks Reactor x2  
  99  8:16  SCV x2  
  99  8:19  Marine  
  93  8:20  Marine  
  93  8:23  Marine x3  
  96  8:28  SCV x2  
  96  8:30  Siege Tank  
  99  8:37  Marine  
  99  8:38  Marine  
  99  8:40  Marine x2, Medivac  
  99  8:41  Marine, Medivac  
  93  8:46  SCV x2  
  73  8:52  Marine  
  73  8:53  Marine  
  73  8:55  Marine x2  
  74  8:56  Marine x2  
  74  8:58  SCV, Marine x3  
  82  9:04  Siege Tank  
  83  9:11  Medivac  
  83  9:12  Marine x2  
  83  9:13  Marine x2  
  83  9:14  Marine  
  90  9:18  Marine x3  
  90  9:23  Medivac  
  95  9:24  Marine  
  95  9:30  Marine x2  
  95  9:31  Marine x3  
  99  9:36  Marine x3  
  99  9:42  Marine  
  98  9:47  Marine  
  98  9:48  Siege Tank  
  96  9:53  Marine x4  
  96  9:55  SCV x2  
  91  10:01  Marine x4  
  91  10:04  Viking  
  97  10:07  SCV  
  97  10:09  Marine  
  97  10:10  Marine x2  
  97  10:11  Marine x2  
  103  10:18  Marine x2  
  103  10:19  Marine x2  
  107  10:31  Marine x3  
  107  10:32  Marine  
  104  10:41  Marine x5  
  109  10:49  Marine  
  110  10:55  Marine x3  
  104  10:59  Marine  
  92  11:05  Marine x4  
  92  11:08  Siege Tank  
  90  11:13  Medivac x2  
  91  11:22  Marine x4  
  86  11:25  SCV  
  86  11:26  SCV  
  86  11:29  Marine x3, Armory  
  91  11:42  Marine x6  
  96  11:48  Siege Tank  
  96  11:51  Medivac  
  101  11:56  Marine x2  
  101  12:00  Medivac  
  105  12:06  Supply Depot  
  105  12:08  Orbital Command  
  105  12:13  Marine x3  
  108  12:18  Marine x2  
  110  12:27  Marine x3  
  109  12:34  Marine x2  
  108  12:39  Marine x3  
  110  12:44  Marine  
  110  12:45  Marine  
  111  12:52  Marine x2  
  111  12:53  Marine x2  
  112  12:59  Marine x3  
  112  13:02  Marine  
  115  13:09  Marine  
  115  13:10  Marine x3  
Show
View Real Time Build Order
Export as new Build Order

LiquidClem Terran 

Build Orders: Cyclone Opening 

Get SALT Encoding   

  12  0:00  SCV  
  13  0:12  SCV  
  14  0:17  Supply Depot  
  14  0:24  SCV  
  15  0:38  SCV  
  15  0:40  Barracks  
  16  0:44  Refinery  
  16  0:50  SCV  
  17  1:00  Barracks  
  17  1:04  SCV  
  17  1:10  Refinery  
  18  1:16  SCV  
  19  1:27  Reaper  
  20  1:35  Orbital Command  
  20  1:40  Supply Depot  
  20  1:47  Reaper  
  21  1:59  Reaper  
  21  2:00  SCV  
  23  2:08  Factory  
  23  2:12  SCV  
  24  2:19  Reaper  
  25  2:24  SCV  
  25  2:36  SCV, Reaper  
  27  2:49  SCV  
  26  2:55  Cyclone  
  28  3:01  SCV  
  28  3:02  Command Center  
  29  3:05  Supply Depot  
  29  3:11  Barracks Reactor  
  29  3:13  SCV  
  30  3:25  SCV  
  31  3:31  Starport  
  31  3:37  SCV  
  31  3:49  SCV  
  31  3:51  Cyclone x2  
  36  4:01  SCV  
  37  4:05  Refinery  
  37  4:12  Medivac  
  37  4:13  Barracks Tech Lab  
  37  4:14  Orbital Command, SCV  
  40  4:24  Supply Depot  
  40  4:26  SCV  
  40  4:28  Cyclone  
  40  4:30  Cyclone  
  45  4:33  Supply Depot  
  45  4:38  SCV  
  46  4:40  SCV  
  47  4:50  SCV  
  47  4:52  SCV  
  49  4:56  Raven  
  49  4:57  Command Center  
  51  5:02  SCV, Interference Matrix  
  51  5:05  Cyclone  
  54  5:09  Cyclone  
  54  5:11  SCV  
  57  5:14  Supply Depot  
  57  5:15  SCV  
  57  5:19  Barracks Reactor  
  57  5:20  Barracks Tech Lab  
  58  5:24  SCV  
  58  5:28  SCV  
  60  5:36  SCV  
  60  5:39  Raven  
  60  5:40  SCV  
  60  5:42  Marine  
  57  5:48  SCV  
  54  5:52  SCV  
  54  5:53  Cyclone  
  52  5:59  Cyclone  
  52  6:00  SCV, Marine  
  57  6:04  SCV  
  57  6:06  Marine x2  
  57  6:11  Orbital Command  
  59  6:12  SCV  
  59  6:16  SCV  
  61  6:19  Marine, Stimpack  
  61  6:24  SCV  
  63  6:26  Marine x2  
  63  6:28  SCV  
  66  6:33  Engineering Bay  
  66  6:34  Engineering Bay  
  66  6:36  SCV  
  66  6:37  SCV  
  66  6:38  Marine  
  69  6:40  SCV  
  69  6:46  Marine  
  71  6:48  SCV  
  71  6:49  SCV  
  71  6:50  Marine  
  71  6:52  SCV  
  75  6:57  Marine  
  75  7:00  SCV  
  75  7:01  SCV  
  75  7:04  SCV, Marine, Medivac x2  
  75  7:06  Siege Tank  
  85  7:13  SCV  
  85  7:14  Supply Depot  
  85  7:15  Orbital Command, Marine  
  88  7:16  Refinery  
  88  7:17  SCV  
  88  7:19  Barracks  
  88  7:20  Marine  
  89  7:25  SCV  
  89  7:26  Marine  
  89  7:29  SCV  
  92  7:32  Supply Depot  
  92  7:34  Supply Depot  
  93  7:37  SCV  
  93  7:38  Siege Tank  
  93  7:39  Marine  
  93  7:41  SCV  
  93  7:43  SCV  
  99  7:46  Marine x2  
  99  7:48  Supply Depot, Terran Infantry Weapons Level 1  
  101  7:54  SCV  
  101  7:56  SCV  
  101  7:57  Marine  
  101  7:58  SCV  
  105  8:04  Marine  
  104  8:06  SCV  
  104  8:08  SCV  
  104  8:12  Siege Tank, Medivac  
  100  8:14  SCV  
  100  8:15  Marine  
  100  8:18  SCV  
  104  8:20  Barracks Reactor  
  104  8:22  Marine  
  104  8:23  Marine  
  105  8:28  SCV x2  
  105  8:31  SCV  
  103  8:35  Marine  
  103  8:39  Marine  
  103  8:40  SCV x2  
  103  8:41  Marine  
  103  8:44  SCV  
  89  8:50  Siege Tank  
  89  8:52  SCV  
  89  8:53  Marine  
  94  8:57  SCV, Marine  
  94  8:58  SCV, Marine x2  
  94  9:00  Marine  
  99  9:04  SCV  
  99  9:09  SCV  
  99  9:10  Marine  
  99  9:12  Viking x2  
  99  9:15  Marine  
  99  9:16  Supply Depot, Marine x2  
  107  9:20  SCV  
  107  9:21  SCV  
  109  9:24  Marine  
  109  9:28  Siege Tank, Marine  
  109  9:31  SCV  
  112  9:32  SCV  
  112  9:33  Marine x2  
  112  9:35  Marine  
  106  9:39  SCV  
  106  9:41  Barracks  
  106  9:42  Marine, Missile Turret, Barracks, Terran Infantry Armor Level 1  
  108  9:45  Missile Turret  
  108  9:46  Marine, Armory  
  108  9:48  Medivac  
  108  9:52  Marine  
  97  9:55  Marine  
  97  9:58  SCV  
  97  9:59  SCV  
  90  10:00  Siege Tank  
  90  10:04  Marine x2  
  95  10:12  Marine  
  95  10:13  SCV  
  96  10:20  Marine x2  
  96  10:21  SCV, Marine  
  99  10:25  Marine  
  99  10:26  SCV  
  102  10:29  Supply Depot, Marine x2  
  102  10:30  Marine  
  102  10:33  SCV  
  104  10:38  SCV, Marine  
  104  10:39  Marine  
  100  10:44  Siege Tank, Marine  
  100  10:45  SCV  
  103  10:50  SCV  
  103  10:53  Marine  
  103  10:54  Orbital Command  
  103  10:56  Marine  
  91  10:57  SCV, Marine  
  91  11:02  SCV  
  91  11:03  Marine  
  91  11:04  Barracks Tech Lab  
  64  11:15  Marine  
  64  11:16  Siege Tank  
  64  11:18  Marine  
  67  11:24  Marine x2  
  60  11:26  SCV  
  60  11:28  SCV  
  60  11:31  SCV  
  63  11:34  Marine  
  63  11:37  Marine  
  67  11:40  SCV  
  67  11:42  Marine  
  67  11:43  Marine  
  67  11:44  SCV  
  69  11:47  SCV  
  69  11:52  SCV, Marine  
  72  11:54  Siege Tank  
  72  11:56  SCV  
  76  12:02  Liberator  
  76  12:04  Barracks Tech Lab  
  76  12:05  Barracks Reactor  
  76  12:07  SCV, Marine  
  81  12:08  SCV x2  
  81  12:11  Marine  
  84  12:17  Supply Depot  
  84  12:19  SCV  
  84  12:21  Liberator, Refinery  
  88  12:26  Marine  
  85  12:34  Marine x2  
  85  12:35  Siege Tank  
  87  12:44  Marine  
  86  12:45  Marine  
  86  12:46  Medivac  
  86  12:48  Orbital Command  
  88  12:59  Supply Depot  
  85  13:08  Marine x4  
  85  13:09  Marine  
  85  13:10  SCV  
  57  13:22  SCV  
Tags
 
Add a new tag
Caveats
  • Supply blocks, unpowered buildings, or Contaminate may cause inaccurate times.
  • Supply counts are checked every 10 seconds.